 Dungeon Crawl Stone Soup version 0.29-a0-824-gd827844252 (webtiles) character file.

Game seed: 13487849384293157631

52 coolguy69 the Trooper (level 3, 0/20 HPs)
             Began as a Vine Stalker Monk on July 10, 2022.
             Succumbed to an adder's poison
             ... on level 2 of the Dungeon.
             The game lasted 00:01:21 (1626 turns).

coolguy69 the Trooper (Vine Stalker Monk)           Turns: 1626, Time: 00:01:21

Health: 0/20       AC:  3    Str: 15    XL:     3   Next: 85%
Magic:  0/4        EV: 12    Int: 10    God:
Gold:   94         SH:  0    Dex: 16    Spells: 2/2 levels left

rFire   . . .      SeeInvis .   a - +0 short sword
rCold   . . .      Faith    .   (no shield)
rNeg    . . .      Spirit   +   i - +0 leather armour
rPois   .          Reflect  .   (no helmet)
rElec   .          Harm     .   (no cloak)
rCorr   .          Rampage  .   (no gloves)
Will    .....                   (no boots)
Stlth   ++........              (no amulet)
HPRegen 0.06/turn               (no ring)
MPRegen 0.09/turn               (no ring)

@: mighty, lethally poisoned (0 -> -3)
A: fangs 2, magic shield, antimagic bite, no potion heal 2
a: no special abilities


You were on level 2 of the Dungeon.
You visited 1 branch of the dungeon, and saw 2 of its levels.

You collected 94 gold pieces.

Inventory:

Hand Weapons
 a - a +0 short sword (weapon)
Armour
 i - a +0 leather armour (worn)
 m - a +0 helmet
Scrolls
 b - a scroll of fear {unknown}
 d - 2 scrolls of identify {unknown}
 e - a scroll of noise {unknown}
 f - 2 scrolls of poison {unknown}
 g - a scroll of torment {unknown}
 j - a scroll of teleportation {unknown}
 l - a scroll of immolation {unknown}
Potions
 c - a potion of ambrosia
 h - a potion of curing


   Skills:
 + Level 3.3 Fighting
 + Level 3.2 Short Blades
 + Level 2.7 Dodging
 + Level 2.9 Stealth


You had 2 spell levels left.
You didn't know any spells.
Your spell library was empty.

Dungeon Overview and Level Annotations

Branches:
Dungeon (2/15)

Altars:

Shops:
D:1 !

Annotations:
D:2 Robin


Innate Abilities, Weirdness & Mutations

You have extremely sharp teeth.
When hurt, damage is shared between your health and your magic reserves.
Your bite disrupts and absorbs the magic of your enemies.
Potions cannot restore your health.


Message History

Robin's bangles clink loudly.
Robin throws the goblin at you! The adder bites you.
You are poisoned.
The adder poisons you!
It was a potion of might.
You feel very mighty all of a sudden.
You feel sick.
The goblin shouts!
Robin roars a battlecry!
The goblins go into a battle-frenzy!
The goblin hits you but does no damage.
A goblin comes into view. It is wielding a +0 dagger.
The adder bites you.
You puncture the adder!
The adder is severely wounded.
* * * LOW HITPOINT WARNING * * *
You feel sick. The adder bites you but does no damage.
The goblin closely misses you.
A goblin comes into view. It is wielding a +0 dagger.
You barely miss the adder.
The adder is severely wounded.
* * * LOW HITPOINT WARNING * * *
You feel sick. The adder bites you.
* * * LOW HITPOINT WARNING * * *
The goblin barely misses you. Robin barely misses you.
Unknown command.
The goblin shouts!
You puncture the adder!
You kill the adder!
* * * LOW HITPOINT WARNING * * *
You feel sick.
You hear a shout!
The goblin hits you but does no damage.
A hobgoblin comes into view.
Robin roars a battlecry!
The hobgoblin goes into a battle-frenzy!
The kobold attacks as you move away! The kobold closely misses you.
The goblin attacks as you move away! The goblin hits you with a +0 dagger.
* * * LOW HITPOINT WARNING * * *
You die...

#####.......... .......
...##..##.#.... .......
..##..#..#.... .......
..##..#.##.... #.....
#.##..#.##.... #.....
#.##.......... #.....
##.#####.##>###
#.....###.#............
#.....@.g#.#####.#####.
##...###K#######....##.
### #.g.....#.##....
#g.####.#.#####. .g...
#.#####. #.g.##.#
#....... ....# #
######## ##.... ##.##


You could see Robin, a goblin (strong) and a kobold.

Vanquished Creatures
  3 adders (D:2)
  A worm (D:2)
  A ball python (D:1)
  An endoplasm (D:1)
  A giant cockroach (D:1)
  4 goblins
  2 hobgoblins (D:1)
  A kobold (D:1)
  2 bats (D:1)
  A frilled lizard (D:2)
  7 rats
24 creatures vanquished.

Vanquished Creatures (others)
  A demonic plant (D:2)
1 creature vanquished.

Grand Total: 25 creatures vanquished

Notes
Turn   | Place    | Note
-------+----------+-------------------------------------------
     0 | D:1      | coolguy69 the Vine Stalker Monk began the quest for the
                  | Orb.
     0 | D:1      | Reached XP level 1. HP: 11/11 MP: 2/2
   438 | D:1      | Reached XP level 2. HP: 16/16 MP: 3/3
   666 | D:1      | Found Poix's Distillery.
  1033 | D:2      | Reached XP level 3. HP: 9/20 MP: 4/4
  1615 | D:2      | Noticed Robin
  1626 | D:2      | HP: 1/20 [goblin/+0 dagger[Robin] (2)]
  1626 | D:2      | Succumbed to an adder's poison

Illustrated notes

Levels and vault maps discovered:
D:1:      mrwooster_arrival_arrow, layout_loops_ring, serial_shops,
          nicolae_shop_stone, minmay_rat_gold_closets
D:2:      layout_loops_cross, dreamdust_ecumenical_altar_sealed_demon,
          uniq_robin

Skill      XL: |  1  2 |
---------------+-------+-----
Short Blades   | 3 |  3.2
Fighting       | 3 |  3.3
Dodging        | |  2.7
Stealth        | |  2.9

Action                   || total
-------------------------++-------
Melee: Short sword       ||    68
       Bite              ||    16
       Punch             ||     1
  Use: Potion            ||     2
 Stab: Sleeping          ||     6
Armor: Robe              ||     1
       Leather armour    ||    14
Dodge: Dodged            ||    37

Table legend: (Time is in decaauts)
 A = Elapsed time spent in this place.
 B = Non-inter-level travel time spent in this place.
 C = Inter-level travel time spent in this place.
 D = Time resting spent in this place.
 E = Time spent auto-exploring this place.
 F = Levels seen in this place.
 G = Mean time per level.
                   A        B        C        D        E       F      G
               +--------+--------+--------+--------+--------+-----+--------+
         Total |   1622 |   1590 |     32 |    206 |   1180 |   2 |  811.0 |
       Dungeon |   1622 |   1590 |     32 |    206 |   1180 |   2 |  811.0 |
               +--------+--------+--------+--------+--------+-----+--------+

Top non-repeatable levels by time:
     D:1: 1019 daAuts
     D:2: 602 daAuts
